 Dungeon Crawl Stone Soup version 0.22-a0-430-g6609fc6 (webtiles) character file.

65 Eptagon the Ducker (level 3, 0/28 HPs)
             Began as a Spriggan Berserker on May 26, 2018.
             Was a Believer of Trog.
             Slain by a gnoll
             ... wielding a +0 spear
              (10 damage)
             ... on level 2 of the Dungeon.
             The game lasted 00:04:40 (1604 turns).

Eptagon the Ducker (Spriggan Berserker)             Turns: 1604, Time: 00:04:41

Health: 0/28       AC:  2    Str: 19    XL:     3   Next: 92%
Magic:  4/4        EV: 20    Int:  8    God:    Trog [**....]
Gold:   70         SH:  0    Dex: 15    Spells: 2/2 levels left

rFire    . . .     SeeInvis +   a - +0 flail
rCold    . . .     Gourm    .   (shield restricted)
rNeg     . . .     Faith    .   b - +0 animal skin
rPois    +         Spirit   .   (helmet restricted)
rElec    .         Reflect  .   (no cloak)
rCorr    .         Harm     .   (gloves unavailable)
MR       .....                  (boots unavailable)
Stlth    ..........             (no amulet)
HPRegen  0.09/turn              g - ring of poison resistance
MPRegen  0.09/turn              (no ring)

@: berserking (expiring), very quick
A: very small, unfitting armour, see invisible, herbivore, speed 3, slow
metabolism 2
a: Berserk, Trog's Hand, Renounce Religion


You were on level 2 of the Dungeon.
You worshipped Trog.
Trog was pleased with you.
You were near starving.

You visited 1 branch of the dungeon, and saw 2 of its levels.

You collected 70 gold pieces.

Inventory:

Hand Weapons
 a - a +0 flail (weapon)
Missiles
 d - 77 stones (quivered)
 f - 14 sling bullets
Armour
 b - a +0 animal skin (worn)
Jewellery
 g - a ring of poison resistance (left hand)
Scrolls
 h - a scroll of remove curse {unknown}
Potions
 e - a potion of mutation {unknown}
Comestibles
 c - a ration


   Skills:
 + Level 2.9 Fighting
 * Level 2.9 Maces & Flails
 + Level 5.3 Dodging


You had 2 spell levels left.
You didn't know any spells.
Your spell library was empty.

Dungeon Overview and Level Annotations

Branches:
Dungeon (2/15)

Altars:


Innate Abilities, Weirdness & Mutations

You are very small and have problems with some larger weapons.
You are too small for most types of armour.
You have supernaturally acute eyesight. (SInv)
You are a herbivore.
You cover ground extremely quickly.
You need to consume almost no food.


Message History

You closely miss the gnoll. You sock the gnoll!
The gnoll is severely wounded.
The gnoll completely misses you.
You hit the gnoll.
You kill the gnoll!
Trog accepts your kill.
The hobgoblin throws a stone.
The stone misses you. The hobgoblin completely misses you.
You sock the hobgoblin!
You kill the hobgoblin!
Trog accepts your kill.
You thump the gnoll!
The gnoll is severely wounded.
The gnoll hits you with a flail. The gnoll hits you but does no damage.
You closely miss the gnoll.
The gnoll is severely wounded.
The gnoll hits you with a flail!
The gnoll hits you from afar with a spear!
You die...

...##.########
##.....((g.g.#
.####g######.#
......# #.#
......##
###.#####
.......#
#.÷...((#
...(...#
#.#[###.#
.......#
#.#..##†#
...g...#
#.##.##@#
..(....#
#(##.##g#
.g.<...#
#.....gl#
.......#
##.....##
#.####.# #.....#
#.####.#
#.[...#####
#......#
#.<.......###
########
#..##....[..#
######### #####
#####..##.###.#.#
#...#..).


You could see 2 gnolls and a frilled lizard.

Vanquished Creatures
  2 gnolls (D:2)
  An adder (D:2)
  5 bats
  A giant cockroach (D:1)
  8 goblins
  5 hobgoblins
  2 jackals (D:2)
  2 kobolds (D:2)
  A frilled lizard (D:1)
  8 rats (D:1)
35 creatures vanquished.

Notes
Turn   | Place    | Note
-------+----------+-------------------------------------------
     0 | D:1      | Eptagon the Spriggan Berserker began the quest for the Orb.
     0 | D:1      | Reached XP level 1. HP: 11/11 MP: 2/2
   418 | D:1      | Reached XP level 2. HP: 16/16 MP: 3/3
   742 | D:1      | Reached ** piety under Trog
  1201 | D:2      | Reached skill level 5 in Dodging
  1201 | D:2      | Reached XP level 3. HP: 19/19 MP: 4/4
  1604 | D:2      | Slain by a gnoll

Vault maps used:
D:1:      dpeg_arrival_shrine
D:2:      lemuel_crystal_altar, grunt_dithmenos_smoke_and_mirrors

Skill      XL: |  1  2 |
---------------+-------+-----
Dodging        | 5 |  5.3
Fighting       | |  2.9
Maces & Flails | |  2.9

Action                   || total
-------------------------++-------
Melee: Mace              ||    76
       Flail             ||    17
Throw: Stone             ||    62
Invok: Berserk           ||     3
       Trog's Hand       ||     1
 Stab: Sleeping          ||     1
Armor: Animal skin       ||     9
Dodge: Dodged            ||    94

Table legend:
 A = Spawn XP
 B = Non-spawn XP
 C = Spawn XP percentage of total XP
 D = Spawn monster count
 E = Non-spawn monster count
 F = Spawn count percentage of total count
 G = Total turns spent on level
                    A         B        C        D         E        F      G
               +---------+---------+-------+---------+---------+-------+---------
         Total |       0 |      93 |   0.0 |       0 |      35 |   0.0 |  1604
               +---------+---------+-------+---------+---------+-------+---------
           D:1 |       0 |      38 |   0.0 |       0 |      24 |   0.0 |  1191
           D:2 |       0 |      55 |   0.0 |       0 |      11 |   0.0 |   413
               +---------+---------+-------+---------+---------+-------+---------
